 Dungeon Crawl Stone Soup version 0.29.0-4-gdea44cf6ec (webtiles) character file.

Game seed: 11604236673721402301

471 qw the Ruffian (level 7, -2/57 HPs)
             Began as a Ghoul Enchanter on Sept 4, 2022.
             Slain by a scorpion (4 damage)
             ... on level 5 of the Dungeon.
             The game lasted 00:02:10 (5506 turns).

qw the Ruffian (Ghoul Enchanter)                    Turns: 5506, Time: 00:02:10

Health: -2/57      AC:  9    Str: 20    XL:     7   Next: 9%
Magic:  8/8        EV:  7    Int: 10    God:
Gold:   232        SH:  0    Dex:  9    Spells: 9/9 levels left

rFire   . . .      SeeInvis .     - Unarmed
rCold   + . .      Faith    .   (no shield)
rNeg    + + +      Spirit   .   a - +0 chain mail
rPois   inf        Reflect  .   d - +0 helmet
rElec   .          Harm     .   (no cloak)
rCorr   .          Rampage  .   (no gloves)
Will    .....                   (no boots)
Stlth   ..........              (no amulet)
HPRegen 0.00/turn               e - +6 ring of strength
MPRegen 0.11/turn               (no ring)

@: inhibited regen
A: claws 1, cold resistance 1, negative energy resistance 3, inhibited
regeneration, torment resistance 2, devour on kill
a: no special abilities


You were on level 5 of the Dungeon.
You visited 1 branch of the dungeon, and saw 5 of its levels.

You collected 232 gold pieces.


Innate Abilities, Weirdness & Mutations

You are immune to poison.
You have sharp fingernails.
Your flesh is cold resistant. (rC+)
You are immune to negative energy. (rN+++)
You do not regenerate when monsters are visible.
You are immune to unholy pain and torment.
You thrive by killing the living.


   Skills:
 - Level 3.5 Fighting
 - Level 0.8 Short Blades
 - Level 1.0 Armour
 - Level 1.7 Dodging
 - Level 3.2 Stealth
 + Level 6.5 Unarmed Combat
 - Level 1.7 Spellcasting
 - Level 2.4 Hexes


You had 9 spell levels left.
You didn't know any spells.
Your spell library contained the following spells:

 Spells                   Type           Power      Damage    Failure   Level
 Ensorcelled Hibernation  Hex/Ice        6%         N/A       98%         2
 Confusing Touch          Hex            5%         N/A       99%         3
 Tukima's Dance           Hex            5%         N/A       99%         3
 Dazzling Flash           Conj/Hex       6%         N/A       100%        3

Inventory:

Armour
 a - a +0 chain mail (worn)
 d - a +0 helmet (worn)
Jewellery
 e - a +6 ring of strength (left claw)
 f - a ring of fire
Scrolls
 c - a scroll of identify
Potions
 i - a potion of curing

Dungeon Overview and Level Annotations

Branches:
Dungeon (5/15)
 Temple: D:4-7

Altars:
Ashenzari
Ru
Wu Jian


Message History

5493 ||| READING scroll of teleportation.
As you read the scroll of teleportation, it crumbles to dust.
You feel strangely unstable.
The killer bee stings you. x3; The killer bee barely misses you.
You barely miss the killer bee.
The killer bee stings you but does no damage.
The killer bee stings you.
You claw the killer bee!
The killer bee is heavily wounded.
The killer bee stings you. The killer bee barely misses you.
The killer bee stings you but does no damage.
The killer bee stings you.
You closely miss the killer bee.
The killer bee is heavily wounded.
The killer bee stings you but does no damage. x2
The killer bee completely misses you. x2
You closely miss the killer bee.
The killer bee is heavily wounded.
Your surroundings suddenly seem different.
An orc and a scorpion come into view.
Found a scroll of teleportation.
The orc shouts!
Enter note: You barely miss the scorpion.
The scorpion stings you but does no damage.
You scratch the scorpion but do no damage.
The scorpion stings you but does no damage.
The scorpion barely misses you.
You scratch the scorpion.
The scorpion is moderately wounded.
You scratch the scorpion.
The scorpion is severely wounded.
The scorpion stings you.
You scratch the scorpion but do no damage.
The scorpion is severely wounded.
The scorpion barely misses you.
You barely miss the scorpion.
The scorpion is severely wounded.
The scorpion stings you.
You die...

..# #.. #.# #
#.# .#
#.####... #.##
#........
#....#........
#os@.#
......#..#
....# .....
..? .#...... .
..#..###... .^
...# .. ...
#... . ...
#...


You could see a scorpion and an orc.

Vanquished Creatures
  3 scorpions
  2 killer bees (D:5)
  A hound (D:4)
  Robin (D:2)
  3 gnolls (D:2)
  2 adders
  A shadow imp (D:4)
  A white imp (D:4)
  2 ufetubi (D:4)
  A worm (D:2)
  5 dart slugs (D:1)
  2 orcs
  5 ball pythons
  3 endoplasms (D:1)
  A giant cockroach (D:2)
  13 hobgoblins
  A quokka (D:1)
  4 bats
  7 frilled lizards
  17 goblins
  7 kobolds
  6 rats
88 creatures vanquished.

Notes
Turn   | Place    | Note
-------+----------+-------------------------------------------
     0 | D:1      | qw the Ghoul Enchanter began the quest for the Orb.
     0 | D:1      | Reached XP level 1. HP: 14/14 MP: 2/2
     0 | D:1      | 0 ||| qw: Version: 0.1-a-103-gd6f5d3a
     0 | D:1      | 0 ||| qw: Game counter: 5634
     0 | D:1      | 0 ||| qw: Always use a shield: true
     0 | D:1      | 0 ||| qw: God list: Okawaru
     0 | D:1      | 0 ||| qw: Allow faded altars: false
     0 | D:1      | 0 ||| qw: Do Orc after D:15 true
     0 | D:1      | 0 ||| qw: Do second Lair branch before Depths: true
     0 | D:1      | 0 ||| qw: Lair rune preference: random
     0 | D:1      | 0 ||| qw: Plans: Normal
     0 | D:1      | 0 ||| PLANNING D:1-11
     1 | D:1      | 1 ||| DROPPING +1 dagger.
   178 | D:1      | Reached skill level 1 in Unarmed Combat
   247 | D:1      | 247 ||| Stepping ~*~*~tactically~*~*~ (hiding).
   260 | D:1      | Reached skill level 1 in Fighting
   260 | D:1      | Reached XP level 2. HP: 23/23 MP: 3/3
   354 | D:1      | HP: 4/23 [quokka (4)]
   615 | D:1      | 615 ||| Stepping ~*~*~tactically~*~*~ (hiding).
   768 | D:1      | Reached skill level 2 in Unarmed Combat
   976 | D:1      | 976 ||| Stepping ~*~*~tactically~*~*~ (outnumbered).
   977 | D:1      | 977 ||| Stepping ~*~*~tactically~*~*~ (outnumbered).
   978 | D:1      | 978 ||| Stepping ~*~*~tactically~*~*~ (outnumbered).
   979 | D:1      | 979 ||| Stepping ~*~*~tactically~*~*~ (outnumbered).
   980 | D:1      | 980 ||| Stepping ~*~*~tactically~*~*~ (outnumbered).
   981 | D:1      | 981 ||| Stepping ~*~*~tactically~*~*~ (outnumbered).
   982 | D:1      | 982 ||| Stepping ~*~*~tactically~*~*~ (hiding).
   993 | D:1      | Reached XP level 3. HP: 27/28 MP: 4/4
  1160 | D:1      | 1160 ||| Stepping ~*~*~tactically~*~*~ (stealth).
  1163 | D:1      | 1163 ||| Stepping ~*~*~tactically~*~*~ (stealth).
  1165 | D:1      | 1165 ||| Stepping ~*~*~tactically~*~*~ (stealth).
  1170 | D:1      | 1170 ||| Stepping ~*~*~tactically~*~*~ (stealth).
  1171 | D:1      | 1171 ||| Stepping ~*~*~tactically~*~*~ (stealth).
  1180 | D:1      | 1180 ||| Stepping ~*~*~tactically~*~*~ (stealth).
  1399 | D:1      | 1399 ||| Stepping ~*~*~tactically~*~*~ (hiding).
  1501 | D:1      | 1501 ||| Stepping ~*~*~tactically~*~*~ (hiding).
  1603 | D:1      | 1603 ||| Stepping ~*~*~tactically~*~*~ (hiding).
  1705 | D:1      | 1705 ||| Stepping ~*~*~tactically~*~*~ (hiding).
  1807 | D:1      | 1807 ||| Stepping ~*~*~tactically~*~*~ (hiding).
  2044 | D:1      | 2044 ||| UPGRADING to +0 chain mail.
  2054 | D:1      | 2054 ||| DROPPING +0 robe.
  2055 | D:1      | 2055 ||| UPGRADING to +0 helmet.
  2060 | D:1      | 2060 ||| UPGRADING to +6 ring of strength.
  2061 | D:1      | 2061 ||| READING scroll labelled DOLUSE PUAF.
  2065 | D:1      | 2065 ||| READING scroll labelled UNAESAKKAT.
  2066 | D:1      | 2066 ||| DRINKING 2 bubbling inky potions.
  2067 | D:1      | 2067 ||| DROPPING 2 potions of invisibility.
  2068 | D:1      | 2068 ||| DROPPING potion of degeneration.
  2130 | D:2      | 2130 ||| Stepping ~*~*~tactically~*~*~ (outnumbered).
  2131 | D:2      | 2131 ||| Stepping ~*~*~tactically~*~*~ (outnumbered).
  2132 | D:2      | 2132 ||| Stepping ~*~*~tactically~*~*~ (outnumbered).
  2134 | D:2      | Reached skill level 3 in Unarmed Combat
  2136 | D:2      | 2136 ||| Stepping ~*~*~tactically~*~*~ (outnumbered).
  2137 | D:2      | 2137 ||| Stepping ~*~*~tactically~*~*~ (outnumbered).
  2138 | D:2      | 2138 ||| Stepping ~*~*~tactically~*~*~ (outnumbered).
  2144 | D:2      | 2144 ||| Stepping ~*~*~tactically~*~*~ (outnumbered).
  2199 | D:2      | 2199 ||| Stepping ~*~*~tactically~*~*~ (stealth).
  2203 | D:2      | 2203 ||| Stepping ~*~*~tactically~*~*~ (stealth).
  2205 | D:2      | Noticed Robin
  2206 | D:2      | 2206 ||| Stepping ~*~*~tactically~*~*~ (hiding).
  2226 | D:2      | Killed Robin
  2227 | D:2      | Reached XP level 4. HP: 16/35 MP: 5/5
  2250 | D:2      | 2250 ||| FLEEEEING.
  2251 | D:2      | 2251 ||| FLEEEEING.
  2252 | D:2      | 2252 ||| FLEEEEING.
  2253 | D:2      | 2253 ||| FLEEEEING.
  2254 | D:2      | 2254 ||| FLEEEEING.
  2255 | D:2      | 2255 ||| FLEEEEING.
  2256 | D:2      | 2256 ||| FLEEEEING.
  2258 | D:2      | 2258 ||| FLEEEEING.
  2259 | D:2      | 2259 ||| FLEEEEING.
  2260 | D:2      | 2260 ||| FLEEEEING.
  2261 | D:2      | 2261 ||| FLEEEEING.
  2262 | D:2      | 2262 ||| FLEEEEING.
  2263 | D:2      | 2263 ||| FLEEEEING.
  2264 | D:2      | 2264 ||| FLEEEEING.
  2265 | D:2      | 2265 ||| FLEEEEING.
  2266 | D:2      | 2266 ||| FLEEEEING.
  2268 | D:2      | 2268 ||| FLEEEEING.
  2269 | D:2      | 2269 ||| FLEEEEING.
  2270 | D:2      | 2270 ||| FLEEEEING.
  2271 | D:2      | 2271 ||| FLEEEEING.
  2272 | D:2      | 2272 ||| FLEEEEING.
  2273 | D:2      | 2273 ||| FLEEEEING.
  2274 | D:2      | 2274 ||| FLEEEEING.
  2275 | D:2      | 2275 ||| FLEEEEING.
  2276 | D:2      | 2276 ||| STAIRDANCE
  2381 | D:2      | 2381 ||| STAIRDANCE
  2907 | D:2      | Reached skill level 4 in Unarmed Combat
  2911 | D:2      | 2911 ||| FLEEEEING.
  3170 | D:2      | Found a faded altar of an unknown god.
  3214 | D:2      | 3214 ||| Stepping ~*~*~tactically~*~*~ (stealth).
  3218 | D:2      | 3218 ||| Stepping ~*~*~tactically~*~*~ (stealth).
  3224 | D:2      | 3224 ||| Stepping ~*~*~tactically~*~*~ (outnumbered).
  3225 | D:2      | 3225 ||| Stepping ~*~*~tactically~*~*~ (outnumbered).
  3226 | D:2      | 3226 ||| Stepping ~*~*~tactically~*~*~ (outnumbered).
  3227 | D:2      | 3227 ||| Stepping ~*~*~tactically~*~*~ (outnumbered).
  3228 | D:2      | 3228 ||| Stepping ~*~*~tactically~*~*~ (outnumbered).
  3261 | D:2      | 3261 ||| Stepping ~*~*~tactically~*~*~ (stealth).
  3262 | D:2      | 3262 ||| Stepping ~*~*~tactically~*~*~ (stealth).
  3272 | D:2      | Reached XP level 5. HP: 41/41 MP: 6/6
  3632 | D:2      | 3632 ||| READING scroll labelled TUCKUDE HOUGE.
  3633 | D:2      | 3633 ||| READING scroll labelled APPESSE NAHIDGH.
  3634 | D:2      | 3634 ||| READING scroll labelled IROSKI LUVVASK.
  3635 | D:2      | 3635 ||| READING scroll labelled JEGE CUEFAATIPP.
  3716 | D:3      | Found a broken altar of Ashenzari.
  3724 | D:3      | Identified the +5 mace "Dycseomi" {holy, rElec rCorr}
  3766 | D:3      | 3766 ||| Stepping ~*~*~tactically~*~*~ (stealth).
  3768 | D:3      | 3768 ||| Stepping ~*~*~tactically~*~*~ (stealth).
  3769 | D:3      | 3769 ||| Stepping ~*~*~tactically~*~*~ (stealth).
  3771 | D:3      | 3771 ||| Stepping ~*~*~tactically~*~*~ (stealth).
  3772 | D:3      | 3772 ||| Stepping ~*~*~tactically~*~*~ (stealth).
  3775 | D:3      | 3775 ||| Stepping ~*~*~tactically~*~*~ (stealth).
  3780 | D:3      | 3780 ||| Stepping ~*~*~tactically~*~*~ (outnumbered).
  3781 | D:3      | 3781 ||| Stepping ~*~*~tactically~*~*~ (outnumbered).
  3782 | D:3      | 3782 ||| Stepping ~*~*~tactically~*~*~ (outnumbered).
  3804 | D:3      | 3804 ||| Stepping ~*~*~tactically~*~*~ (stealth).
  3815 | D:3      | Reached skill level 1 in Armour
  3891 | D:3      | Found an ornate altar of the Wu Jian Council.
  3958 | D:3      | 3958 ||| Stepping ~*~*~tactically~*~*~ (stealth).
  4109 | D:3      | 4109 ||| DROPPING orb of guile.
  4176 | D:4      | 4176 ||| Stepping ~*~*~tactically~*~*~ (hiding).
  4196 | D:4      | Reached skill level 5 in Unarmed Combat
  4346 | D:4      | Reached XP level 6. HP: 48/48 MP: 7/7
  4703 | D:4      | 4703 ||| Stepping ~*~*~tactically~*~*~ (stealth).
  4705 | D:4      | 4705 ||| Stepping ~*~*~tactically~*~*~ (stealth).
  4707 | D:4      | 4707 ||| Stepping ~*~*~tactically~*~*~ (stealth).
  4712 | D:4      | 4712 ||| Stepping ~*~*~tactically~*~*~ (outnumbered).
  4713 | D:4      | 4713 ||| Stepping ~*~*~tactically~*~*~ (outnumbered).
  4716 | D:4      | 4716 ||| Stepping ~*~*~tactically~*~*~ (outnumbered).
  4720 | D:4      | 4720 ||| Stepping ~*~*~tactically~*~*~ (outnumbered).
  4721 | D:4      | 4721 ||| Stepping ~*~*~tactically~*~*~ (outnumbered).
  4738 | D:4      | 4738 ||| Stepping ~*~*~tactically~*~*~ (stealth).
  4959 | D:4      | Reached skill level 6 in Unarmed Combat
  5236 | D:4      | 5236 ||| READING scroll labelled KIANU CUROS.
  5237 | D:4      | 5237 ||| READING 3 scrolls of identify.
  5237 | D:4      | 5237 ||| IDENTIFYING smoky golden potion
  5238 | D:4      | 5238 ||| READING 2 scrolls of identify.
  5238 | D:4      | 5238 ||| IDENTIFYING inky potion
  5239 | D:4      | 5239 ||| DROPPING potion of magic.
  5248 | D:3      | 5248 ||| READING 3 scrolls of teleportation.
  5385 | D:3      | Found a sacrificial altar of Ru.
  5386 | D:3      | 5386 ||| READING 2 scrolls of teleportation.
  5455 | D:5      | Entered Level 5 of the Dungeon
  5471 | D:5      | 5471 ||| Stepping ~*~*~tactically~*~*~ (stealth).
  5480 | D:5      | Reached skill level 3 in Fighting
  5486 | D:5      | Reached XP level 7. HP: 41/57 MP: 8/8
  5492 | D:5      | HP: 14/57 [killer bee (3)]
  5493 | D:5      | 5493 ||| READING scroll of teleportation.
  5494 | D:5      | HP: 6/57 [killer bee (2)]
  5504 | D:5      | HP: 2/57 [scorpion (1)]
  5506 | D:5      | Slain by a scorpion

Levels and vault maps discovered:
D:1:      dpeg_arrival_rooms_b, layout_basic
D:2:      mumra_celtic_spiral_tile, layout_basic,
          shapermc_ecumenical_altar_mp_vishouse, minivault_4, uniq_robin
D:3:      layout_rooms, nzn_wu_jian_contemplation, mainiacjoe_overflow_chevrons,
          gammafunk_temple_overflow_elements, nicolae_overflow_hidden_temple,
          kennysheep_generic_room_8
D:4:      cheibrodos_greedy_goblins, layout_loops_corners, serial_demonic,
          serial_demonic_c, serial_demonic_e, serial_demonic_b,
          serial_demonic_e, serial_demonic_c, serial_demonic_e
D:5:      layout_loops_ring

Skill      XL: |  1  2  3  4  5  6 |
---------------+-------------------+-----
Unarmed Combat | 1 2 3 4 5 6 |  6.5
Fighting       | 1 2 3 |  3.5
Armour         | 1 |  1.0
Short Blades   | |  0.8
Dodging        | |  1.7
Stealth        | |  3.2
Spellcasting   | |  1.7
Hexes          | |  2.4

Action                   |  1- 3 |  4- 6 |  7- 9 || total
-------------------------+-------+-------+-------++-------
Melee: Unarmed           |   121 |   187 |    17 ||   325
       Punch             |     1 |     6 |       ||     7
  Use: Scroll            |     2 |     9 |     1 ||    12
       Potion            |     1 |       |       ||     1
 Stab: Distracted        |     1 |       |       ||     1
Armor: Robe              |    12 |       |       ||    12
       Chain mail        |    21 |    73 |    17 ||   111
Dodge: Dodged            |    39 |    65 |    11 ||   115

Table legend:
 A = Non-vault XP
 B = Vault XP
 C = Vault XP percentage of total XP
 D = Non-vault monster count
 E = Vault monster count
 F = Vault count percentage of total count
                 A         B        C        D         E       F
            +---------+---------+-------+---------+---------+-------
      Total |     580 |      93 |  13.8 |      61 |      27 |  30.7
            +---------+---------+-------+---------+---------+-------
        D:1 |      49 |       2 |   3.9 |      27 |       1 |   3.6
        D:2 |      80 |      35 |  30.4 |      17 |      12 |  41.4
        D:3 |      22 |       3 |  12.0 |       6 |       2 |  25.0
        D:4 |     222 |      53 |  19.3 |       8 |      12 |  60.0
        D:5 |     207 |       0 |   0.0 |       3 |       0 |   0.0
            +---------+---------+-------+---------+---------+-------
